 Dungeon Crawl Stone Soup version 0.32-a0-329-ge6c31236d6 (webtiles) character file.

Game seed: 14445010973780181338

536 lunkers the Arsonist (level 7, -19/50 HPs)
             Began as a Mountain Dwarf Fire Elementalist on Feb 16, 2024.
             Was an Initiate of Ru.
             Demolished by an ogre
             ... wielding a +0 giant club
              (21 damage)
             ... on level 4 of the Dungeon.
             The game lasted 00:10:33 (3878 turns).

lunkers the Arsonist (MDFE)                         Turns: 3878, Time: 00:10:34

Health: -19/50     AC:  3    Str: 11    XL:     7   Next: 4%
Magic:  9/9        EV: 16    Int: 20    God:    Ru [......]
Gold:   262        SH:  5    Dex: 10    Spells: 6/9 levels left

rFire   . . .        a - +8 morningstar of the Kidney {elec, rPois Int+3}
rCold   . . .        (no shield)
rNeg    . . .        n - +0 robe
rPois   +            (no helmet)
rElec   .            u - +0 cloak
rCorr   .            (no gloves)
SInv    .            (no boots)
Will    .....        t - amulet of reflection
Stlth   ++           f - +5 ring of evasion
HPRegen 0.28/turn    (no ring)
MPRegen 0.11/turn

%: reflection
@: no status effects
A: runic magic, artefact enchanting
a: Renounce Religion


You were on level 4 of the Dungeon.
You worshipped Ru.
Ru was noncommittal.
You visited 2 branches of the dungeon, and saw 5 of its levels.

You collected 262 gold pieces.

Inventory:

Hand Weapons
 a - the +8 morningstar of the Kidney (weapon) {elec, rPois Int+3}
   (You found it on level 3 of the Dungeon)

   Int+3:     It affects your intelligence (+3).
   rPois:     It protects you from poison
 o - a +0 dagger of venom
 p - a +4 dagger of freezing
Missiles
 d - 36 stones
 e - 13 poisoned darts
 j - 6 boomerangs
Armour
 n - a +0 robe (worn)
 u - a +0 cloak (worn)
Magical Staves
 i - a staff of earth
Jewellery
 f - a +5 ring of evasion (left hand)
 t - an amulet of reflection (around neck)
 y - an amulet of faith
Scrolls
 w - a scroll of revelation
Potions
 c - 2 potions of mutation {unknown}
 g - 2 potions of berserk rage {unknown}
 h - 3 potions of brilliance
 k - 2 potions of cancellation {unknown}
 l - a potion of enlightenment {unknown}
 m - a potion of curing {unknown}
 r - a potion of lignification {unknown}
 x - a potion of ambrosia {unknown}
 z - a potion of might {unknown}


   Skills:
 * Level 5.2 Maces & Flails
 - Level 1.3 Dodging
 - Level 1.4 Stealth
 - Level 1.7 Spellcasting
 - Level 0.8 Conjurations
 - Level 8.0 Fire Magic


You had 6 spell levels left.
You knew the following spells:

 Your Spells              Type           Power      Damage    Failure   Level
b - Scorch                Fire           66%        2d7       1%          2
p - Foxfire               Conj/Fire      76%        2x1d7     2%          1

Your spell library contained the following spells:

 Spells                   Type           Power      Damage    Failure   Level
 Inner Flame              Hex/Fire       17%        N/A       10%         3
 Volatile Blastmotes      Fire/Tloc      34%        2d12      10%         3
 Flame Wave               Conj/Fire      19%        2d7       26%         4


Dungeon Overview and Level Annotations

Branches:
Dungeon (4/15)             Temple (1/1) D:4

Altars:
Cheibriados
Dithmenos
Elyvilon
Fedhas
Gozag
Hepliaklqana
Kikubaaqudgha
Makhleb
Qazlal
Ru
Trog
Uskayaw
Xom
Zin

Shops:
D:3 *


Innate Abilities, Weirdness & Mutations

Your spellcasting is much less encumbered by armour.
You can use scrolls of enchantment on lesser artefacts.


Message History

Unknown command.
Unknown command.
Your foxfire dissipates!
The foxfire hits the hobgoblin.
The hobgoblin is heavily wounded.
Unknown command.
Unknown command.
You barely miss the hobgoblin.
The hobgoblin is heavily wounded.
The hobgoblin completely misses you.
The orc priest mumbles some strange prayers to Beogh against you.
Beogh smites you! The hobgoblin barely misses you.
You sock the hobgoblin!
You kill the hobgoblin!
You hit the orc priest but do no damage.
The orc priest completely misses you.
The ogre hits you with a +0 giant club!!
Ouch! That really hurt!
* * * LOW HITPOINT WARNING * * *
Okay, then.
Magic courses through your body. The orc priest hits you with a +0 club.
* * * LOW HITPOINT WARNING * * *
You sock the ogre!
The ogre is moderately wounded.
The ogre closely misses you. The orc priest barely misses you.
The giant cockroach waves its antennae.
Unknown command.
You barely miss the ogre.
The ogre is moderately wounded.
The orc priest hits you with a +0 club.
* * * LOW HITPOINT WARNING * * *
You block the ogre's attack.
Unknown command.
You puncture the ogre! Lightning courses through the ogre!
The ogre is almost dead.
The orc priest hits you with a +0 club.
* * * LOW HITPOINT WARNING * * *
The ogre hits you with a +0 giant club!!
You die...
Ru respects your ultimate sacrifice.

#.# ## ... ##.## #..
.. #...# #.# ..#
#...#####.# ..#
#.........# ...
#.........##$#####
#..........O......
#.........@oB#
##[#####..####
#######.......######
#
#.......###...#.....
#.#####
#.....)>'.....'......
.....#.
#.......###...#.....#
#. #.#.
#.........#...#......
#. #.<.
######....##### .....
#.##..[ #....# #....
#......


You could see an ogre, an orc priest and a giant cockroach.

Vanquished Creatures
  An ogre (D:3)
  2 scorpions
  A jelly (D:4)
  Crazy Yiuf (D:3)
  Jessica (D:2)
  Natasha (thrice) (D:2)
  3 orc wizards
  2 dart slugs (D:2)
  2 ribbon worms (D:2)
  8 orcs
  7 endoplasms
  7 hobgoblins
  2 quokkas
  A ball python (D:3)
  5 bats
  A frilled lizard (D:1)
  4 goblins
  3 kobolds
  5 rats
59 creatures vanquished.

Vanquished Creatures (others)
  109 foxfires
109 creatures vanquished.

Grand Total: 168 creatures vanquished

Notes
Turn   | Place    | Note
-------+----------+-------------------------------------------
     0 | D:1      | lunkers the Mountain Dwarf Fire Elementalist began the
                  | quest for the Orb.
     0 | D:1      | Reached XP level 1. HP: 14/14 MP: 3/3
   166 | D:1      | Reached skill level 4 in Fire Magic
   309 | D:1      | Reached XP level 2. HP: 20/20 MP: 0/4
   559 | D:2      | Learned a level 2 spell: Scorch
   625 | D:2      | Noticed Jessica
   629 | D:2      | Killed Jessica
   630 | D:2      | Reached skill level 5 in Fire Magic
   630 | D:2      | Reached XP level 3. HP: 9/26 MP: 0/5
  1346 | D:2      | Noticed Natasha
  1352 | D:2      | Killed Natasha
  1353 | D:2      | Reached skill level 6 in Fire Magic
  1353 | D:2      | Reached XP level 4. HP: 25/33 MP: 1/6
  1651 | D:2      | Noticed Natasha
  1655 | D:2      | Killed Natasha
  1661 | D:2      | Noticed Natasha
  1669 | D:2      | Killed Natasha
  1670 | D:2      | Reached skill level 7 in Fire Magic
  1670 | D:2      | Reached XP level 5. HP: 36/38 MP: 0/7
  2088 | D:3      | Found Hinuyh's General Store.
  2340 | D:3      | Reached skill level 8 in Fire Magic
  2410 | D:3      | Identified the +7 morningstar of the Kidney {elec, rPois
                  | Int+3}
  2720 | D:3      | Noticed an ogre
  2726 | D:3      | Killed an ogre
  2727 | D:3      | Reached XP level 6. HP: 45/45 MP: 1/8
  3140 | D:3      | Found a faded altar of an unknown god.
  3218 | D:3      | Found a runed translucent door.
  3219 | D:3      | Noticed Crazy Yiuf
  3399 | D:3      | Killed Crazy Yiuf
  3705 | D:4      | Found a staircase to the Ecumenical Temple.
  3710 | Temple   | Entered the Ecumenical Temple
  3732 | Temple   | Became a worshipper of Ru the Awakened
  3870 | D:4      | Reached skill level 5 in Maces & Flails
  3870 | D:4      | Reached XP level 7. HP: 50/50 MP: 1/9
  3878 | D:4      | HP: 2/50 [orc priest/+0 club (4)]
  3878 | D:4      | Demolished by an ogre

Illustrated notes

Levels and vault maps discovered:
D:1:      eino_arrival_tree_alley, layout_rooms
D:2:      layout_basic, minmay_misc_feat_plants, uniq_natasha, uniq_jessica
D:3:      layout_basic, dilly_ecumenical_altar_fadedgnrine, serial_shops,
          nicolae_shop_hallway_stairs, uniq_crazy_yiuf_cottage
D:4:      layout_basic, temple_doors_e, serial_shops, nicolae_lakefront_shop
Temple:   jpeg_temple_clearing

Skill      XL: |  1  2  3  4  5  6 |
---------------+-------------------+-----
Fire Magic     | 4 5 6 7 8 |  8.0
Maces & Flails | 2 5 |  5.2
Dodging        | |  1.3
Stealth        | |  1.4
Spellcasting   | |  1.7
Conjurations   | |  0.8

Action                     |  1- 3 |  4- 6 |  7- 9 || total
---------------------------+-------+-------+-------++-------
  Melee: Staff             |     2 |       |       ||     2
         Dagger            |     8 |     8 |       ||    16
         Morningstar       |       |    11 |     6 ||    17
   Cast: Foxfire           |    35 |    65 |     1 ||   101
         Scorch            |     3 |    19 |       ||    22
    Use: Scroll            |     5 |     3 |       ||     8
         Potion            |       |       |     1 ||     1
   Stab: Sleeping          |     1 |       |       ||     1
 Armour: Robe              |     4 |    12 |     5 ||    21
  Dodge: Dodged            |     7 |     9 |     5 ||    21
  Block: Other             |       |       |     1 ||     1

Table legend: (Time is in decaauts)
 A = Elapsed time spent in this place.
 B = Non-inter-level travel time spent in this place.
 C = Inter-level travel time spent in this place.
 D = Time resting spent in this place.
 E = Time spent auto-exploring this place.
 F = Levels seen in this place.
 G = Mean time per level.
                   A        B        C        D        E       F      G
               +--------+--------+--------+--------+--------+-----+--------+
         Total |   3895 |   3671 |    224 |    146 |   3113 |   5 |  779.0 |
       Dungeon |   3851 |   3663 |    188 |    146 |   3113 |   4 |  962.8 |
        Temple |     43 |      7 |     36 |      0 |      0 |   1 |   43.0 |
               +--------+--------+--------+--------+--------+-----+--------+

Top non-repeatable levels by time:
     D:2: 1553 daAuts
     D:3: 1452 daAuts
     D:1: 547 daAuts
     D:4: 298 daAuts
  Temple: 43 daAuts
